 Dungeon Crawl Stone Soup version 0.17.0-25-gefc9c12 (webtiles) character file.

1011 Raultor the Changer (level 8, -1/50 HPs)
             Began as an Octopode Transmuter on Nov 18, 2015.
             Was an Initiate of Cheibriados.
             Splashed by a jelly's acid (10 damage)
             ... on level 6 of the Dungeon.
             The game lasted 00:16:55 (5223 turns).

Raultor the Changer (Octopode Transmuter)           Turns: 5223, Time: 00:16:55

Health: -1/50      AC: -14   Str: 10    XL:     8   Next: 21%
Magic:  7/11       EV: 22    Int: 16    God:    Cheibriados [......]
Gold:   212        SH:  0    Dex: 21    Spells: 3 memorised, 3 levels left

rFire  . . .     SeeInvis .       - Unarmed
rCold  . . .     Clarity  .     (shield currently unavailable)
rNeg   . . .     SustAt   +     (helmet currently unavailable)
rPois  x         Gourm    .     m - amulet of regeneration
rElec  .         Spirit   .     e - ring of sustain attributes
rCorr  .         Warding  .     (no ring)
rMut   .         Stasis   .     (no ring)
MR     .....                    (no ring)
Stlth  ++........               (no ring)
                                (no ring)
                                (no ring)
                                (no ring)

@: spider-form, corroded equipment, very slightly contaminated, very slow, not
resistant to hostile enchantments, unstealthy
A: almost no armour, amphibious, 8 rings, (constrict 8), (camouflage 0),
(gelatinous body 0)
a: End Transformation, Bend Time, Renounce Religion


You were on level 6 of the Dungeon.
You worshipped Cheibriados.
Cheibriados was noncommittal.
You were not hungry.
You were a venomous arachnid creature.
You visited 2 branches of the dungeon, and saw 7 of its levels.
You also visited: Ossuary.

You collected 320 gold pieces.
You spent 108 gold pieces at shops.

Inventory:

Missiles
 a - 61 arrows
 r - 101 stones (quivered)
Armour
 s - a +2 shield
Rods
 A - a +1 iron rod (11/11)
   (You found it on level 6 of the Dungeon)
Jewellery
 e - a ring of sustain attributes (left front leg)
 m - an amulet of regeneration (around neck)
 y - an uncursed ring of fire
Wands
 v - a wand of confusion (35)
Scrolls
 f - 4 scrolls of remove curse {unknown}
 i - 8 scrolls of identify {unknown}
 j - a scroll of noise {unknown}
 k - 2 scrolls of teleportation {unknown}
 l - a scroll of blinking {unknown}
 q - 2 scrolls of fog {unknown}
 D - a scroll of holy word {unknown}
Potions
 d - a potion of lignification {unknown}
 g - 3 potions of flight {unknown}
 h - a potion of might {unknown}
 n - a potion of mutation {unknown}
 p - a potion of cancellation {unknown}
 z - a potion of ambrosia {unknown}
 B - a potion of curing {unknown}
Books
 b - a book of Changes

   Spells                             Type                      Level
   a - Beastly Appendage              Transmutation                1
   b - Sticks to Snakes               Transmutation                2
   c - Spider Form                    Transmutation/Poison         3
   d - Ice Form                       Ice/Transmutation            4
   e - Blade Hands                    Transmutation                5
 u - a book of Beasts

   Spells                             Type                      Level
   a - Summon Butterflies             Summoning                    1
   b - Call Canine Familiar           Summoning                    3
   c - Summon Ice Beast               Ice/Summoning                4
   d - Summon Mana Viper              Hexes/Summoning              5
   e - Summon Hydra                   Summoning                    7
 x - Sif Muna's Disquisition on Combat Magic
   (You found it on level 4 of the Dungeon)

   Spells                             Type                      Level
   a - Sting                          Conjuration/Poison           1
Comestibles
 c - 4 bread rations
 o - a slice of pizza
 t - 9 fruits
 w - a beef jerky
 C - 4 chunks of flesh


   Skills:
 - Level 2.0 Fighting
 - Level 3.1 Dodging
 - Level 3.0 Unarmed Combat
 - Level 2.0 Spellcasting
 + Level 7.7 Transmutations
 * Level 4.2 Ice Magic


You had 3 spell levels left.
You knew the following spells:

 Your Spells              Type           Power        Failure   Level  Hunger
a - Beastly Appendage     Trmt           ####..       4%          1    #......
b - Spider Form           Trmt/Pois      ##........   32%         3    ###....
c - Ice Form              Ice/Trmt       ###.....     41%         4    #####..


Dungeon Overview and Level Annotations

Branches:
Dungeon (6/15)             Temple (1/1) D:5

Altars:
Cheibriados
Dithmenos
Elyvilon
Fedhas
Gozag
Nemelex Xobeh
Qazlal
Ru
Sif Muna
Trog
Vehumet
Xom
Yredelemnul
Zin

Shops:
D:4 [

Annotations:
D:3 exclusion: ice beast


Innate Abilities, Weirdness & Mutations

You cannot wear most types of armour.
You are amphibious.
You can wear up to eight rings at the same time.
((You can use your tentacles to constrict eight enemies at once.))
((Your skin changes colour to match your surroundings (Stealth).))
((Your rubbery body absorbs attacks (AC +1).))


Message History

Casting: Ice Form
Confirm with . or Enter, or press ? or * to list all spells.
You turn into a venomous arachnid creature.
The jelly completely misses you.
You hit the jelly but do no damage.
Your front legs burn!
* * * LOW HITPOINT WARNING * * *
The jelly is moderately wounded.
The jelly completely misses you.
You hit the jelly. The acid corrodes you!
Your front legs burn!
* * * LOW HITPOINT WARNING * * *
The jelly is heavily wounded.
The jelly closely misses you.
You hit the jelly.
The jelly is poisoned.
The acid corrodes you!
Your front legs burn!
* * * LOW HITPOINT WARNING * * *
The jelly is severely wounded.
The jelly hits you.
* * * LOW HITPOINT WARNING * * *
You are splashed with acid!
The acid corrodes you!
The acid burns!
You die...

#.[...+....
#...
#.....#....#
#...
#.....#....# .
#... #..####
#+#.. #.##
#..##### ... ##
#......# ....
#......+ .....
##+###'##......
#......sJ.....#
#......>.....)#
#.............+
#.............#
#.............#
#.............#
#....######....
#....# ....


You could see a jelly.

Vanquished Creatures
  A centaur (D:5)
  An ogre (D:3)
  2 scorpions
  A crimson imp (D:5)
  2 hounds (D:6)
  A centaur zombie (Ossuary)
  A giant frog skeleton (D:5)
  Crazy Yiuf (D:4)
  3 orc wizards (D:4)
  3 iguanas
  An orc priest (D:3)
  3 worker ants
  A mummy (D:5)
  7 gnolls (D:3)
  5 adders
  2 shadow imps
  2 oozes (D:4)
  2 adder skeletons
  4 worms
  4 giant geckos
  14 orcs
  2 ball pythons
  5 bats
  7 giant cockroaches
  11 hobgoblins
  8 jackals
  4 kobolds
  3 quokkas
  4 giant newts
  6 goblins
  A goblin zombie (D:5)
  8 hobgoblin zombies
  A jackal zombie (D:5)
  3 kobold zombies (Ossuary)
  10 orc zombies (Ossuary)
  9 rats
143 creatures vanquished.

Vanquished Creatures (others)
  A bat (D:1)
  2 goblins (D:1)
3 creatures vanquished.

Grand Total: 146 creatures vanquished

Notes
Turn   | Place    | Note
--------------------------------------------------------------
     0 | D:1      | Raultor the Octopode Transmuter began the quest for the Orb.
     0 | D:1      | Reached XP level 1. HP: 13/13 MP: 3/3
   139 | D:1      | Reached XP level 2. HP: 18/18 MP: 5/5
   790 | D:2      | Found a glowing silver altar of Zin.
   793 | D:2      | Found a white marble altar of Elyvilon.
   793 | D:2      | Found a sacrificial altar of Ru.
   851 | D:2      | Reached XP level 3. HP: 23/23 MP: 6/6
   862 | D:2      | Learned a level 3 spell: Spider Form
  1003 | D:2      | Found an opulent altar of Gozag.
  1004 | D:2      | Found a bloodstained altar of Trog.
  1280 | D:2      | Reached skill level 4 in Transmutations
  1315 | D:2      | Reached XP level 4. HP: 13/28 MP: 7/7
  1821 | D:3      | Reached skill level 5 in Transmutations
  1836 | D:3      | Reached XP level 5. HP: 29/33 MP: 8/8
  1878 | D:3      | Noticed an ice beast
  2426 | D:3      | Reached skill level 6 in Transmutations
  2608 | D:4      | Reached XP level 6. HP: 36/38 MP: 2/9
  2669 | D:4      | Learned a level 4 spell: Ice Form
  2827 | D:4      | Noticed an ogre
  2844 | D:3      | Killed an ogre
  2881 | D:4      | Found Tomek's Antique Armour Shop.
  2889 | D:4      | Bought a shiny shield for 108 gold pieces
  3190 | D:4      | Found a deep blue altar of Sif Muna.
  3229 | D:4      | Reached XP level 7. HP: 11/44 MP: 8/10
  3232 | D:4      | Identified Sif Muna's Disquisition on Combat Magic
  3434 | D:4      | Reached skill level 7 in Transmutations
  3492 | D:4      | Noticed Crazy Yiuf
  3503 | D:4      | Killed Crazy Yiuf
  3725 | D:5      | Entered Level 5 of the Dungeon
  3806 | D:5      | Found a sand-covered staircase.
  3830 | Ossuary  | Entered an ossuary
  3850 | Ossuary  | Reached skill level 1 in Ice Magic
  4440 | D:5      | Reached XP level 8. HP: 20/50 MP: 11/11
  4571 | D:5      | Found a staircase to the Ecumenical Temple.
  4584 | Temple   | Entered the Ecumenical Temple
  4613 | Temple   | Became a worshipper of Cheibriados the Contemplative
  5122 | D:6      | Found a shadowy altar of Dithmenos.
  5163 | D:6      | Found a radiant altar of Vehumet.
  5223 | D:6      | Splashed by a jelly's acid

Action                   |  1- 3 |  4- 6 |  7- 9 || total
-------------------------+-------+-------+-------++-------
Melee: Unarmed           |    72 |   181 |   174 ||   427
Throw: Throwing net      |       |     2 |       ||     2
       Stone             |       |       |     6 ||     6
 Cast: Spider Form       |       |     9 |     2 ||    11
       Ice Form          |       |       |     2 ||     2
 Stab: Sleeping          |     9 |     3 |     6 ||    18
       Distracted        |       |     1 |     1 ||     2
  Eat: Chunk             |     1 |     9 |    10 ||    20
